 Dungeon Crawl Stone Soup version 0.27.1-1-g398f81649c (webtiles) character file.

Game seed: 13256110951131810671

7 Descartes the Grasshopper (level 1, 0/10 HPs)
             Began as a Spriggan Warper on Sept 7, 2021.
             Killed from afar by a dart slug (3 damage)
             ... with a slug dart
             ... on level 1 of the Dungeon.
             The game lasted 00:01:28 (176 turns).

Descartes the Grasshopper (Spriggan Warper)          Turns: 176, Time: 00:01:29

Health: 0/10       AC:  2    Str:  7    XL:     1   Next: 83%
Magic:  5/5        EV: 17    Int: 14    God:
Gold:   0          SH:  0    Dex: 14    Spells: 5/5 levels left

rFire    . . .     SeeInvis +   b - +0 hunting sling
rCold    . . .     Faith    .   (shield restricted)
rNeg     . . .     Spirit   .   e - +0 robe
rPois    .         Reflect  .   (helmet restricted)
rElec    .         Harm     .   (no cloak)
rCorr    .         Rampage  .   (gloves unavailable)
Will     .....                  (boots unavailable)
Stlth    ++........             (no amulet)
HPRegen  0.03/turn              (no ring)
MPRegen  0.09/turn              (no ring)

@: very quick
A: very small, no large weapons, unfitting armour, see invisible, speed 3
a: no special abilities


You were on level 1 of the Dungeon.
You visited 1 branch of the dungeon, and saw 1 of its levels.

Inventory:

Hand Weapons
 a - a +0 short sword
 b - a +0 hunting sling (weapon)
Missiles
 d - 5 boomerangs of dispersal
 f - 47 arrows
 g - 15 stones (quivered ammo)
Armour
 e - a +0 robe (worn)
Scrolls
 c - a scroll of blinking


   Skills:
 - Level 1.5 Fighting
 - Level 2.1 Short Blades
 - Level 1.0 Throwing
 - Level 3.2 Dodging
 + Level 2.5 Stealth
 - Level 2.6 Spellcasting
 - Level 4.4 Translocations


You had 5 spell levels left.
You didn't know any spells.
Your spell library contained the following spells:

 Spells                   Type           Power      Damage    Failure   Level
 Blink                    Tloc           N/A        N/A       5%          2
 Gell's Gravitas          Tloc           7%         N/A       11%         3
 Lesser Beckoning         Tloc           7%         N/A       11%         3
 Teleport Other           Tloc           14%        N/A       11%         3
 Manifold Assault         Tloc           14%        N/A       71%         5


Dungeon Overview and Level Annotations

Branches:
Dungeon (1/15)

Altars:


Innate Abilities, Weirdness & Mutations

You are very small and have problems with some larger weapons.
You are too small for most types of armour.
You have supernaturally acute eyesight. (SInv)
You cover ground extremely quickly. (Speed+++)


Message History

The jackal barely misses you. The jackal bites you.
* * * LOW HITPOINT WARNING * * *
You closely miss the jackal.
The jackal is almost dead.
The jackal bites you.
* * * LOW HITPOINT WARNING * * *
You don't know any spells.
You are too injured to fight recklessly!
Unknown command.
b - a +0 hunting sling (weapon)
You are too injured to fight recklessly!
Fire: 18 stones
Press: ? - help, Q - select action, (/) - cycle Shift-Dir - straight line, f - jackal
Aim: a jackal (almost dead, 50% to hit)
You shoot a stone. The stone barely misses the jackal.
Really attack while wielding your +0 hunting sling? [Y]es or [N]o only, please.
Really attack while wielding your +0 hunting sling?
Okay, then.
You are too injured to fight recklessly!
Fire: 17 stones
Press: ? - help, Q - select action, (/) - cycle Shift-Dir - straight line, f/p - jackal
Aim: a jackal (almost dead, 50% to hit)
You shoot a stone. The stone closely misses the jackal.
The stone hits the jackal.
You kill the jackal!
Fire: 16 stones
Press: ? - help, Q - select action, (/) - cycle Shift-Dir - straight line, f - jackal
Aim: a jackal (50% to hit)
You shoot a stone. The stone hits the jackal.
The jackal is almost dead.
Fire: 15 stones
Press: ? - help, Q - select action, (/) - cycle Shift-Dir - straight line, f/p - jackal
Aim: a jackal (almost dead, 50% to hit)
Okay, then.
The dart slug launches a dart at you. The slug dart misses you.
The dart slug launches a dart at you. The slug dart hits you.
You die...

#.#......# #....#
#.#.####### #####....##
#.#.....[.. ..........#
#.#.####### #####^....#
#...# #....)#
###.#################.#
#>.................†.
####..###..########.#
#.@...w.†..## #.#
#.#..#####..## #.#
#...#.....#(.####.#
##..#.......#...)...
#..#....<....#..####
##..#.......#..##
##.h#.....#..##
##..#####..##
##......(##


You could see a dart slug.

Vanquished Creatures
  A ball python (D:1)
  A goblin (D:1)
  3 jackals (D:1)
5 creatures vanquished.

Notes
Turn   | Place    | Note
-------+----------+-------------------------------------------
     0 | D:1      | Descartes the Spriggan Warper began the quest for the Orb.
     0 | D:1      | Reached XP level 1. HP: 10/10 MP: 5/5
    24 | D:1      | Reached skill level 1 in Stealth
   176 | D:1      | Killed from afar by a dart slug

Illustrated notes

Levels and vault maps discovered:
D:1:      scummos_arrival_hexagon, layout_basic,
          ebering_ecumenical_altar_abandoned

Skill      XL: |  1 |
---------------+----+-----
Stealth        | 2 |  2.5
Fighting       | |  1.5
Short Blades   | |  2.1
Throwing       | |  1.0
Dodging        | |  3.2
Spellcasting   | |  2.6
Translocations | |  4.4

Action                   || total
-------------------------++-------
Melee: Short sword       ||    32
 Fire: Hunting sling     ||     3
Armor: Robe              ||     5
Dodge: Dodged            ||    32
